AoeStats
← E-d-d-i-e91G

Migration

509195997Analyzed
1v1 RM · 7d ago on Sep 25, 2026· 43m 46s· 2 players
Game mode
Random Map
Map size
132×132
Population
200
Speed
Normal
Resources
Standard
Victory
Conquest
Starting age
Dark Age
Ending age
Imperial Age
RankedLock teamsTeams togetherTeam positionsShared explorationLock speedFull tech treeHidden civsTurbo modeCheats
Victory
Defeat
🇵🇪 Dravidians · Peru
978
+15
🇦🇺 Wu · Australia
950
-41
E-d-d-i-e91G
19:52 Feudal Age
20:26 Fishing Lines
25:06 Horse Collar
25:18 Double-Bit Axe
27:42 Scale Mail Armor
29:33 Wheelbarrow
28:45 Town Watch
31:58 Fletching
32:03 Gold Mining
32:23 Man-at-Arms
35:48 Castle Age
36:54 Medium Warships
36:41 Gillnets
37:44 Bodkin Arrow
38:39 Bow Saw
38:35 Heavy Plow
39:32 Treadmill Crane
40:39 Squires
44:55 Imperial Age
APOLO
12:20 Feudal Age
12:47 Double-Bit Axe
13:16 Fishing Lines
17:23 Castle Age
15:41 Gold Mining
18:51 Gillnets
21:05 Bow Saw
20:54 Horse Collar
21:13 Fletching
21:24 Padded Archer Armor
22:03 Stone Mining
22:22 Bodkin Arrow
24:30 Medium Warships
25:23 Wheelbarrow
26:18 Ballistics
25:55 Murder Holes
26:39 Medical Corps
28:00 Leather Archer Armor
28:07 Hand Cart
28:29 Town Watch
28:30 Loom
29:23 Town Patrol
33:03 Imperial Age
33:24 Masonry
33:30 Clinker Construction
33:32 Careening
34:19 Devotion
35:16 Ring Archer Armor
34:47 Bracer
38:03 Chemistry
39:15 Dry Dock
39:15 Carvel Hull
39:18 Shipwright
39:35 Elite Cannon Galleon
41:26 Forging
41:17 Scale Mail Armor
43:43 Elite Elephant Archer
44:28 Thumb Ring
Connection lost

Rejoining the realm…

Still unreachable

The connection could not be restored.

Session expired

The server has moved on; the page needs a fresh start.